 Dungeon Crawl Stone Soup version 0.29-a0-275-g389c0b56f3 (webtiles) character file.

Game seed: 17446261408796097077

0 ImHallYall the Skirmisher (level 1, 0/20 HPs)
             Began as a Djinni Abyssal Knight on Mar 11, 2022.
             Was a Follower of Lugonu.
             Frozen to death by an endoplasm (6 damage)
             ... on level 1 of the Dungeon.
             The game lasted 00:01:05 (47 turns).

ImHallYall the Skirmisher (Djinni Abyssal Knight)     Turns: 47, Time: 00:01:07

Health: 0/20       AC:  3    Str: 12    XL:     1   Next: 11%
Gold:   0          EV: 12    Int: 11    God:    Lugonu [*.....] SH:  0 Dex: 13

rFire   + + .      SeeInvis .   a - +1 falchion
rCold   x . .      Faith    .   (no shield)
rNeg    . . .      Spirit   .   b - +0 leather armour
rPois   ∞          Reflect  .   (no helmet)
rElec   .          Harm     .   (no cloak)
rCorr   .          Rampage  .   (no gloves)
Will    .....                   (boots unavailable)
Stlth   +.........              (no amulet)
HPRegen 0.06/turn               (no ring)
MPRegen 0.00/turn               (no ring)

@: flying
A: sickness immunity, fire resistance 2, cold vulnerability 1, float, innate
caster, HP casting, extra vitality 1
a: Renounce Religion, Depart the Abyss


You were on level 1 of the Dungeon.
You worshipped Lugonu.
Lugonu was aware of your devotion.
You visited 1 branch of the dungeon, and saw 1 of its levels.
You visited the Abyss 1 time.

Inventory:

Hand Weapons
 a - a +1 falchion (weapon)
Armour
 b - a +0 leather armour (worn)
Scrolls
 c - a scroll of summoning {unknown}


   Skills:
 + Level 3.0 Fighting
 + Level 1.7 Long Blades
 + Level 1.0 Armour
 + Level 2.1 Dodging
 + Level 1.7 Invocations


You couldn't memorise any spells.
You didn't know any spells.
Your spell library was empty.

Dungeon Overview and Level Annotations

Branches:
Dungeon (1/15)

Altars:


Innate Abilities, Weirdness & Mutations

You are immune to sickness and miasma.
You are immune to poison.
Your flesh is very heat resistant. (rF++)
You are vulnerable to cold. (rC-)
You float through the air rather than walking.
You learn spells naturally, not from books.
Your magical power is your life essence.
You have superior vitality. (+4 MHP)


Message History

Welcome, ImHallYall the Djinni Abyssal Knight.
The wondrous Orb of Zot lies far below, as if waiting for you to find it.
Lugonu says: Depart the Abyss and spread corruption, my servant! (use the ability menu to exit the Abyss) Press ? for a list of commands and other information.
Found a corrupted altar of Lugonu.
You pass through the gate.
You can no longer bend space around yourself.
There is a staircase leading out of the dungeon here.
You reach down and open the door.
Found a scroll labelled ELEPON EMUAN.
There is an open door here.
c - a scroll labelled ELEPON EMUAN You reach down and open the door.
There is an open door here.
You reach down and open the door.
There is an open door here.
You aren't in the Abyss!
Okay, then.
An endoplasm and a frilled lizard come into view.
The endoplasm quivers.
You completely miss the frilled lizard.
The frilled lizard bites you but does no damage.
You barely miss the frilled lizard. The frilled lizard bites you.
You hit the frilled lizard.
You kill the frilled lizard!
Lugonu accepts your kill. The endoplasm freezes you.
You are frozen!
You feel a terrible chill!
You see here a frilled lizard corpse.
You hit the endoplasm but do no damage. The endoplasm freezes you.
You are frozen.
You feel a terrible chill!
You hit the endoplasm.
The endoplasm is severely wounded.
The endoplasm hits you.
* * * LOW HITPOINT WARNING * * *
The endoplasm freezes you.
You are frozen.
You feel a terrible chill!
You die...

###..#.....##..#
..#..####.#..#.##
..'..#..'.#..'..#
..#..#..#....#..#
###..###..#..#..#
#.......#..#..#
#############.#
...###..########
........@J.....#
................
...##########...
#. . #


You could see an endoplasm.

Vanquished Creatures
  A frilled lizard (D:1)
1 creature vanquished.

Notes
Turn   | Place    | Note
-------+----------+-------------------------------------------
     0 | Abyss:1  | ImHallYall the Djinni Abyssal Knight began the quest for
                  | the Orb.
     0 | Abyss:1  | Reached XP level 1. HP: 20/20 MP: 0/0
     0 | D:1      | Escaped the Abyss
    47 | D:1      | Frozen to death by an endoplasm

Illustrated notes

Levels and vault maps discovered:
D:1:      dpeg_arrival_erosion, layout_basic, kennysheep_pointless_box,
          nrook_mini_vaults

Action                   || total
-------------------------++-------
Melee: Falchion          ||     5
Invok: Depart the Abyss  ||     1
Armor: Leather armour    ||     1

Table legend: (Time is in decaauts)
 A = Elapsed time spent in this place.
 B = Non-inter-level travel time spent in this place.
 C = Inter-level travel time spent in this place.
 D = Time resting spent in this place.
 E = Time spent auto-exploring this place.
 F = Levels seen in this place.
 G = Mean time per level.
                   A        B        C        D        E       F      G
               +--------+--------+--------+--------+--------+-----+--------+
         Total |     47 |     47 |      0 |      0 |      0 |   2 |   23.5 |
       Dungeon |     47 |     47 |      0 |      0 |      0 |   1 |   47.0 |
         Abyss |      0 |      0 |      0 |      0 |      0 |   1 |    0.0 |
               +--------+--------+--------+--------+--------+-----+--------+

Top non-repeatable levels by time:
     D:1: 47 daAuts
